[Event "Team 45 45 League T63"]
[Site "Internet Chess Club"]
[Date "2014.12.01"]
[Round "1"]
[White "JOFRAN"]
[Black "GideonL"]
[Result "1-0"]
[WhiteElo "1473"]
[BlackElo "1603"]
[Opening "Queen's gambit accepted"]
[ECO "D20"]
[Time "19:35:06"]
[TimeControl "2700+45"]

1. d4 d5 2. c4 dxc4 3. Nc3 Nf6 4. e4 e6 5. Bxc4 Bb4 6. e5 Ne4 7. Qd3 Nxc3 8.
bxc3 Be7 9. f4 c5 10. Nf3 Nc6 11. Be3 cxd4 12. cxd4 Bb4+ 13. Bd2 Bxd2+ 14. Qxd2
b6 15. d5 exd5 16. Bxd5 Bb7 17. O-O O-O 18. Rad1 Qc7 19. Qc2 Rac8 20. Ng5 g6 21.
e6 Nd8 22. exf7+ Nxf7 23. Qxc7 Rxc7 24. Bxf7+ Rfxf7 25. Nxf7 Kxf7 26. Rc1 Rd7
27. Rfd1 Re7 28. Kf2 Ba6 29. Rd2 Kg7 30. Rdc2 Kh6 31. g4 Bd3 32. Rc7 Re2+ 33.
Kf3 g5 34. R1c6+ Bg6 35. Kxe2 gxf4 36. h4 b5 37. Kf3 b4 38. Kxf4 b3 39. axb3 a6
40. h5 a5 41. hxg6 hxg6 42. g5+ Kh5 43. Rh7# {Black checkmated} 1-0

[Event "Team 45 45 League T63"]
[Site "Internet Chess Club"]
[Date "2014.11.29"]
[Round "1"]
[White "sdcohle"]
[Black "olivermx"]
[Result "1-0"]
[WhiteElo "1366"]
[BlackElo "1347"]
[Opening "QGD: 6.Nf3"]
[ECO "D55"]
[Time "13:00:23"]
[TimeControl "2700+45"]

1. d4 d5 2. Nf3 Nf6 3. c4 e6 4. Bg5 Be7 5. e3 O-O 6. Nc3 c5 7. cxd5 exd5 8. dxc5
Qa5 9. Bd3 Qxc5 10. O-O Be6 11. Rc1 Qb6 12. Qc2 Nc6 13. a3 a6 14. Na4 Qc7 15.
Nc5 Bg4 16. Nd4 Ne5 17. Bxf6 Nxd3 18. Bxe7 Qxe7 19. Nxd3 Qg5 20. f4 Qe7 21. Qf2
Qe4 22. Ne5 Bh5 23. h3 f6 24. Nef3 Bxf3 25. Qxf3 Qxf3 26. Rxf3 Rad8 27. Ne6
{Black resigns} 1-0

[Event "Team 45 45 League T63"]
[Site "Internet Chess Club"]
[Date "2014.11.28"]
[Round "1"]
[White "SALJOMA"]
[Black "caglar"]
[Result "1-0"]
[WhiteElo "1415"]
[BlackElo "1572"]
[Opening "QGD Slav defense"]
[ECO "D10"]
[Time "15:05:52"]
[TimeControl "2700+45"]

1. d4 d5 2. c4 c6 3. Nc3 Nf6 4. Bg5 dxc4 5. a4 Bf5 6. e3 e6 7. Bxc4 Bb4 8. Ne2
h6 9. Bh4 Nbd7 10. O-O g5 11. Bg3 h5 12. h3 h4 13. Bh2 g4 14. hxg4 Nxg4 15. Bf4
h3 16. g3 h2+ 17. Kh1 e5 18. dxe5 Ngxe5 19. Qb3 Qe7 20. f3 a5 21. e4 Bh3 22. Nd4
Bxf1 23. Rxf1 Nc5 24. Qa2 Bxc3 25. bxc3 Nxc4 26. Qxc4 Nxe4 27. Nf5 Nxg3+ 28.
Bxg3 Qf6 29. Qe4+ {Black resigns} 1-0

[Event "Team 45 45 League T63"]
[Site "Internet Chess Club"]
[Date "2014.11.27"]
[Round "1"]
[White "Invicta-Knight"]
[Black "drsigmund1"]
[Result "1-0"]
[WhiteElo "1496"]
[BlackElo "1526"]
[Opening "French: Winawer, fingerslip variation"]
[ECO "C15"]
[Time "19:33:56"]
[TimeControl "2700+45"]

1. e4 e6 2. d4 d5 3. Nc3 Bb4 4. Bd2 c5 5. dxc5 Bxc5 6. exd5 exd5 7. Qe2+ Ne7 8.
O-O-O Be6 9. Bg5 Nbc6 10. Bxe7 Qxe7 11. Nxd5 Qg5+ 12. Ne3 O-O 13. Nf3 Qh6 14. h3
Nb4 15. Kb1 Rfe8 16. a3 Nc6 17. g3 {Black resigns} 1-0

[Event "Team 45 45 League T63"]
[Site "Internet Chess Club"]
[Date "2014.12.01"]
[Round "1"]
[White "smsxman"]
[Black "BrerRabbit"]
[Result "0-1"]
[WhiteElo "1436"]
[BlackElo "1498"]
[Opening "Pirc defense"]
[ECO "B07"]
[Time "10:48:29"]
[TimeControl "2700+45"]

1. e4 d6 2. d4 Nf6 3. Nf3 Bg4 4. Nc3 c6 5. Be2 e6 6. e5 Nd5 7. Nxd5 cxd5 8. exd6
Bxd6 9. Ne5 Bxe2 10. Qxe2 O-O 11. O-O Nd7 12. Nxd7 Qxd7 13. Be3 Rfc8 14. c3 a6
15. Rac1 b5 16. a3 a5 17. b4 axb4 18. axb4 Rc4 19. h3 Rac8 20. Qe1 Qc7 21. g3
Rxc3 22. Rxc3 Qxc3 23. Qxc3 Rxc3 24. Rb1 Rc4 25. Bf4 Bxf4 26. gxf4 g6 27. Kg2
Rxd4 28. Kg3 Kg7 29. f3 Kf6 30. h4 Kf5 31. Rc1 Rxb4 32. Rc7 Kf6 33. Rc5 d4 34.
Re5 d3 35. Re1 Kf5 36. Re5+ Kf6 37. Re1 d2 38. Rd1 Rd4 39. Kf2 Kf5 40. Ke3 Rd5
41. Ke2 Kxf4 42. Kf2 Ke5 43. Ke2 Kd6 44. Rxd2 Rxd2+ 45. Kxd2 Ke5 46. Kd3 Kf4 47.
Ke2 b4 48. Kd3 Kxf3 49. Kc4 e5 50. Kxb4 e4 51. Kc3 e3 52. Kc2 Kf2 53. Kd1 e2+
{White resigns} 0-1

[Event "Team 45 45 League T63"]
[Site "Internet Chess Club"]
[Date "2014.11.27"]
[Round "1"]
[White "PsyMar"]
[Black "Leon13"]
[Result "0-1"]
[WhiteElo "1285"]
[BlackElo "1460"]
[Opening "Philidor's defense"]
[ECO "C41"]
[Time "10:03:28"]
[TimeControl "2700+45"]

1. e4 e5 2. Nf3 d6 3. d4 Bg4 4. dxe5 Bxf3 5. Qxf3 dxe5 6. Bc4 Nf6 7. O-O Nc6 8.
Bg5 Nd4 9. Qe3 Nxc2 10. Qc1 Nxa1 11. Rd1 Qc8 12. Nc3 Be7 13. f4 Bc5+ 14. Kh1 Bd4
15. Bxf6 gxf6 16. fxe5 fxe5 17. Rf1 Rf8 18. Nd5 f5 19. Qxa1 c6 20. Nc3 f4 21.
Qd1 Qc7 22. Qh5+ Kd8 23. g3 f3 24. Rxf3 Rxf3 25. Qxf3 Qg7 26. Qd1 Kc7 27. Qb3
Qg4 28. Kg2 Rf8 29. Qc2 h5 30. Nd1 h4 31. Be2 h3+ 32. Kh1 Rf1+ 33. Bxf1 Qf3+ 34.
Bg2 hxg2+ 35. Qxg2 Qxd1+ 36. Qg1 Qxg1# {White checkmated} 0-1

[Event "Team 45 45 League T63"]
[Site "Internet Chess Club"]
[Date "2014.11.30"]
[Round "1"]
[White "fkramer"]
[Black "lacibacsi"]
[Result "0-1"]
[WhiteElo "1834"]
[BlackElo "1997"]
[Opening "Queen's pawn game"]
[ECO "A45"]
[Time "09:03:13"]
[TimeControl "2700+45"]

1. d4 Nf6 2. c3 g6 3. Nf3 Bg7 4. Bf4 d6 5. h3 O-O 6. e3 Nc6 7. Nbd2 a6 8. a4 Nd7
9. Bc4 e5 10. dxe5 Ndxe5 11. Nxe5 Nxe5 12. Be2 Be6 13. O-O Qd7 14. Nf3 Rad8 15.
Nd4 Bc4 16. Bg5 Bxe2 17. Qxe2 Rde8 18. Rfd1 d5 19. Nf3 Qf5 20. Nxe5 Rxe5 21. Bh4
c6 22. Bg3 Re4 23. Bd6 Rfe8 24. Bc5 h5 25. Bd4 Bf8 26. b4 Bd6 27. Qd3 Qg5 28.
Qf1 Qf5 29. Qd3 Qe6 30. Qf1 Bc7 31. b5 Qd6 32. g3 c5 33. Bxc5 Qxc5 34. bxa6 bxa6
35. Qxa6 Rxe3 36. Rd3 Rxd3 37. Qxd3 Bb6 38. Qf3 Ba5 39. Rc1 Rc8 40. c4 dxc4 41.
Qb7 Bb6 42. Rc2 Qc6 43. Qe7 Qxa4 44. Qe4 Qc6 45. Qe7 c3 46. Qa3 Bd4 47. Qb4 Qe4
48. Qb1 Re8 49. Qa2 Rb8 50. Kh2 Rb2 51. Rxb2 cxb2 52. Qa5 b1=Q {White resigns}
0-1

[Event "Team 45 45 League T63"]
[Site "Internet Chess Club"]
[Date "2014.11.28"]
[Round "1"]
[White "Tobiasdelmonte"]
[Black "freakypawn"]
[Result "0-1"]
[WhiteElo "1771"]
[BlackElo "1781"]
[Opening "Queen's gambit declined"]
[ECO "D30"]
[Time "16:00:16"]
[TimeControl "2700+45"]

1. d4 e6 2. c4 d5 3. Bf4 Nf6 4. e3 Bd6 5. Bg3 c5 6. Nf3 Nc6 7. Nc3 a6 8. Bd3
dxc4 9. Bxc4 b5 10. Bd3 c4 11. Bc2 Bb7 12. Rc1 Nb4 13. Bb1 Qe7 14. a3 Nbd5 15.
O-O Nxc3 16. Rxc3 Ne4 17. Bxe4 Bxe4 18. Ne5 O-O 19. Qg4 Bf5 20. Qf3 f6 21. Nc6
Qc7 22. d5 Bd3 23. Re1 Bxg3 24. hxg3 exd5 25. Qxd5+ Kh8 26. Nd4 Rfd8 27. Qf3 Qd6
28. Qg4 Ra7 29. Ne6 Qd7 30. Qh3 Re8 31. Nf4 Qxh3 32. gxh3 Be4 33. Rd1 Kg8 34.
Rd6 Kf7 35. Kf1 g5 36. Nh5 Re6 37. Rxe6 Kxe6 38. g4 Rd7 39. Ke2 Bg2 40. e4 Ke5
41. Rg3 Bxe4 42. Re3 Rd3 43. Nxf6 Rxe3+ 44. Kxe3 Bg6 45. Nd7+ Kd6 46. Nb8 a5 47.
Kd4 Be8 48. Na6 Bc6 49. Nc5 h6 50. a4 bxa4 51. Kxc4 Bg2 52. Kd4 Bxh3 53. Ne4+
Kc6 54. f3 Bg2 55. Ke3 Kb5 56. Kf2 Bh1 57. Nd2 Kb4 58. Kg1 Bxf3 59. Nxf3 Kb3 60.
Nd2+ Kxb2 61. Nc4+ Kc3 62. Na3 Kb3 63. Nb1 a3 {White resigns} 0-1

[Event "Team 45 45 League T63"]
[Site "Internet Chess Club"]
[Date "2014.12.01"]
[Round "1"]
[White "Cronan"]
[Black "FourKnights"]
[Result "1/2-1/2"]
[WhiteElo "1605"]
[BlackElo "1741"]
[Opening "Sicilian: closed"]
[ECO "B23"]
[Time "13:16:49"]
[TimeControl "2700+45"]

1. e4 c5 2. Nc3 e6 3. f4 d5 4. Bb5+ Bd7 5. Bxd7+ Qxd7 6. Nf3 dxe4 7. Nxe4 Nc6 8.
d3 Be7 9. O-O Nf6 10. Be3 b6 11. Qe1 O-O 12. Qg3 Kh8 13. Nc3 Nd5 14. Nxd5 Qxd5
15. b3 Bf6 16. Rae1 Rad8 17. Bc1 Nd4 18. Rf2 Nxf3+ 19. Rxf3 Bd4+ 20. Kh1 Qf5
{Game drawn by mutual agreement} 1/2-1/2

[Event "Team 45 45 League T63"]
[Site "Internet Chess Club"]
[Date "2014.11.27"]
[Round "1"]
[White "amicusUK"]
[Black "tightfist"]
[Result "1-0"]
[WhiteElo "1668"]
[BlackElo "1602"]
[Opening "Queen's pawn: Yusupov-Rubinstein system"]
[ECO "A46"]
[Time "10:30:53"]
[TimeControl "2700+45"]

1. d4 Nf6 2. Nf3 e6 3. e3 b6 4. Bd3 Bb7 5. Nbd2 Be7 6. O-O c5 7. Qe2 O-O 8. c3
Nc6 9. a3 d5 10. b4 c4 11. Bc2 Qc7 12. e4 b5 13. e5 Nd7 14. Re1 a5 15. Bb2 axb4
16. axb4 Rxa1 17. Bxa1 Ra8 18. Nf1 Nf8 19. Bb2 Ra7 20. Bb1 Qb8 21. h4 f6 22.
exf6 Bxf6 23. N1h2 Qf4 24. Bc1 Qb8 25. Ng4 Be7 26. Nge5 Qd8 27. g3 Nxe5 28. Nxe5
Bf6 29. Nf3 Bc8 30. Bg5 h6 31. Bxf6 Qxf6 32. Ne5 Ra6 33. Qh5 Bd7 34. g4 Ra8 35.
g5 hxg5 36. Nxd7 Nxd7 37. hxg5 Qe7 38. Qh7+ Kf7 39. Bg6+ Kf8 40. Qh8# {Black
checkmated} 1-0

[Event "Team 45 45 League T63"]
[Site "Internet Chess Club"]
[Date "2014.11.27"]
[Round "1"]
[White "RamRock"]
[Black "LazyPeon"]
[Result "0-1"]
[WhiteElo "1702"]
[BlackElo "1802"]
[Opening "Sicilian defense"]
[ECO "B20"]
[Time "14:10:20"]
[TimeControl "2700+45"]

1. e4 c5 2. d3 Nc6 3. g3 d5 4. Nc3 Nf6 5. Bg2 d4 6. Nce2 e5 7. f4 Be7 8. Nf3 Qc7
9. O-O Bg4 10. Kh1 Bxf3 11. Bxf3 h5 12. h3 b5 13. Kg2 c4 14. fxe5 Qxe5 15. Bf4
Qc5 16. e5 Nd5 17. dxc4 bxc4 18. Ng1 Nxe5 19. Bxh5 g5 20. Bd2 O-O-O 21. Qe2 f6
22. Bf3 c3 23. bxc3 dxc3 24. Bc1 Nc4 25. Qe6+ Kc7 26. Bxd5 Rxd5 27. Re1 Re5 28.
Rxe5 Nxe5 29. Be3 Qc6+ 30. Kf2 Qxe6 {White resigns} 0-1

[Event "Team 45 45 League T63"]
[Site "Internet Chess Club"]
[Date "2014.11.30"]
[Round "1"]
[White "GivePeasAChance"]
[Black "Timotheous"]
[Result "1-0"]
[WhiteElo "1834"]
[BlackElo "1792"]
[Opening "English opening"]
[ECO "A10"]
[Time "10:00:45"]
[TimeControl "2700+45"]

1. c4 b6 2. Nc3 g6 3. e4 c5 4. g3 Bb7 5. Bg2 Bg7 6. Nge2 Nf6 7. O-O Nc6 8. d3
O-O 9. h3 d6 10. Be3 Nd7 11. Qd2 Nd4 12. Bh6 Bxh6 13. Qxh6 Nxe2+ 14. Nxe2 Ne5
15. Rad1 Qd7 16. f4 Nc6 17. f5 Nd4 18. Nxd4 cxd4 19. Rf4 g5 20. f6 exf6 21. Rxf6
Kh8 22. Rdf1 Qe7 23. Qh5 Kg7 24. Qxg5+ Kh8 25. Qh5 Kg7 26. Rh6 Rh8 27. Rf4 Qe5
28. Qxf7+ Kxh6 29. Rh4+ {Black resigns} 1-0

[Event "Team 45 45 League T63"]
[Site "Internet Chess Club"]
[Date "2014.11.30"]
[Round "1"]
[White "hewdondada"]
[Black "chessjav"]
[Result "0-1"]
[WhiteElo "1753"]
[BlackElo "1896"]
[Opening "Trompowsky attack (Ruth, Opocenský opening)"]
[ECO "A45"]
[Time "14:00:48"]
[TimeControl "2700+45"]

1. d4 Nf6 2. Bg5 c5 3. Bxf6 gxf6 4. dxc5 Qa5+ 5. Nc3 Qxc5 6. e3 f5 7. Qd4 Qxd4
8. exd4 Nc6 9. Nf3 e6 10. a3 d5 11. Nb5 Kd7 12. O-O-O a6 13. Nc3 Kc7 14. Kb1 Bd7
15. g3 b5 16. Na2 Bd6 17. Be2 f6 18. Ne1 Na5 19. b4 Nc4 20. Bxc4 bxc4 21. f4 a5
22. c3 axb4 23. axb4 Ra3 24. Rd2 Rha8 25. Rb2 Bb5 26. Nc2 R3a7 27. Re1 Kd7 28.
Re2 Ba4 29. Na1 Bd1 30. Re3 Bb3 31. Ree2 Ra3 32. Red2 h5 33. Re2 R8a7 34. Rbd2
Bxa2+ 35. Rxa2 Rxa2 36. Rxa2 Rxa2 37. Kxa2 h4 38. Nc2 hxg3 39. hxg3 e5 40. Ne3
Ke6 41. Ng2 exd4 42. b5 dxc3 43. Ne3 Bc5 44. Nxc4 dxc4 {White resigns} 0-1

[Event "Team 45 45 League T63"]
[Site "Internet Chess Club"]
[Date "2014.12.01"]
[Round "1"]
[White "Nathan-L"]
[Black "OGO"]
[Result "0-1"]
[WhiteElo "1764"]
[BlackElo "1587"]
[Opening "English opening"]
[ECO "E61"]
[Time "14:00:30"]
[TimeControl "2700+45"]

1. c4 Nf6 2. Nf3 d6 3. d4 g6 4. Nc3 Bg7 5. e3 O-O 6. Bd3 Re8 7. O-O Nbd7 8. Bd2
b6 9. Rb1 Bb7 10. b4 a6 11. a4 e5 12. dxe5 dxe5 13. e4 Nc5 14. bxc5 Qxd3 15.
cxb6 cxb6 16. Rxb6 Bxe4 17. Nxe4 Nxe4 18. Qc1 Rec8 19. Qb2 Nxd2 20. Nxd2 Rd8 21.
Nb1 Qxc4 22. Rb4 Qd3 23. h3 e4 24. Qa2 Rab8 25. Rxb8 Rxb8 {White resigns} 0-1

[Event "Team 45 45 League T63"]
[Site "Internet Chess Club"]
[Date "2014.12.01"]
[Round "1"]
[White "primerpaso"]
[Black "jjmolina"]
[Result "0-1"]
[WhiteElo "1935"]
[BlackElo "1726"]
[Opening "English: Bremen system, Keres variation"]
[ECO "A23"]
[Time "16:03:23"]
[TimeControl "2700+45"]

1. c4 e5 2. Nc3 Nf6 3. g3 c6 4. d4 exd4 5. Qxd4 d5 6. cxd5 cxd5 7. Nf3 Nc6 8.
Qd1 d4 9. Nb1 Bc5 10. Bg2 O-O 11. O-O Re8 12. Ne1 Bg4 13. f3 d3+ 14. e3 Bf5 15.
g4 Bg6 16. f4 Be4 17. Bxe4 Rxe4 18. Qf3 Re8 19. Kh1 Ne4 20. Nd2 Nxd2 21. Bxd2
Qb6 22. Nxd3 Bxe3 23. Bc3 Bd4 24. Ne5 Bxc3 25. bxc3 Nxe5 26. fxe5 Qc7 27. Rab1
b6 28. Rb4 Rad8 29. Rf4 Qxe5 30. Rxf7 a6 31. h4 h6 32. Rf2 Rc8 33. Rc2 Qe1+ 34.
Kg2 Qxh4 35. Rf2 Rcd8 36. Qf5 Kh8 37. Qg6 Rg8 38. Re2 Rc8 39. Re3 Rc4 40. Rg3
Ra4 41. Qc2 Rxg4 42. Rf3 Rxg3+ 43. Rxg3 Rd8 44. Qf2 b5 45. Rf3 Qg5+ 46. Kh3 Qh5+
47. Kg3 Qe5+ 48. Kh3 Qe6+ 49. Kh4 Qc4+ 50. Kh3 Rd3 51. Kg3 Qxc3 {White resigns}
0-1

[Event "Team 45 45 League T63"]
[Site "Internet Chess Club"]
[Date "2014.11.27"]
[Round "1"]
[White "Crazyblue86"]
[Black "Heian"]
[Result "0-1"]
[WhiteElo "1808"]
[BlackElo "1779"]
[Opening "Queen's pawn"]
[ECO "A40"]
[Time "13:07:10"]
[TimeControl "2700+45"]

1. d4 e6 2. g3 c6 3. Bg2 d5 4. c4 f5 5. Nf3 Nf6 6. O-O Be7 7. Qc2 O-O 8. b3 Bd6
9. Rd1 Qe7 10. a4 Ne4 11. c5 Bc7 12. b4 Nd7 13. b5 e5 14. Bb2 Ng5 15. Nxg5 Qxg5
16. dxe5 f4 17. bxc6 bxc6 18. Rxd5 fxg3 19. hxg3 cxd5 20. Bxd5+ Kh8 21. Bxa8
Bxe5 22. Bxe5 Nxe5 23. Bg2 Ng4 24. f3 Qe3+ 25. Kh1 Qh6+ {White resigns} 0-1

[Event "Team 45 45 League T63"]
[Site "Internet Chess Club"]
[Date "2014.12.01"]
[Round "1"]
[White "Portola"]
[Black "elmaestro"]
[Result "1/2-1/2"]
[WhiteElo "1855"]
[BlackElo "1817"]
[Opening "Dutch, 2.Bg5 variation"]
[ECO "A80"]
[Time "19:03:42"]
[TimeControl "2700+45"]

1. d4 f5 2. Bg5 h6 3. Bh4 Nf6 4. Bxf6 exf6 5. e3 g6 6. Nf3 d5 7. Bd3 Be6 8. Nbd2
Nd7 9. c3 Bd6 10. Qb3 Rb8 11. e4 Qe7 12. exf5 Bxf5+ 13. Be2 Bd3 14. Qd1 O-O 15.
Kf1 Bxe2+ 16. Qxe2 Rfe8 17. Qd3 f5 18. g4 fxg4 19. Qxg6+ Qg7 20. Qf5 Rf8 21.
Qxd5+ Kh8 22. Rg1 Nf6 23. Qf5 Qh7 24. Qxh7+ Kxh7 25. Ne5 h5 26. Ndc4 Ne4 27. Rg2
b5 28. Nxd6 cxd6 29. Nd7 Nd2+ 30. Ke2 Rbe8+ 31. Kxd2 Rf7 32. Re1 Rxe1 33. Kxe1
Rxd7 34. Kd2 Re7 35. Rg3 Kg6 36. h4 Kf5 {Game drawn by mutual agreement} 1/2-1/2

[Event "Team 45 45 League T63"]
[Site "Internet Chess Club"]
[Date "2014.11.29"]
[Round "1"]
[White "pishd"]
[Black "kabindra"]
[Result "1-0"]
[WhiteElo "1761"]
[BlackElo "1712"]
[Opening "King's Indian: East Indian defense"]
[ECO "A48"]
[Time "11:06:36"]
[TimeControl "2700+45"]

1. d4 Nf6 2. Nf3 g6 3. e3 Bg7 4. Be2 O-O 5. O-O d5 6. b4 c6 7. Bb2 Re8 8. Nbd2
Bf5 9. Ne5 Nbd7 10. g4 Be6 11. f4 Nxe5 12. dxe5 Ne4 13. Nxe4 dxe4 14. f5 Qxd1
15. Raxd1 Bxa2 16. Rd7 b5 17. Ra1 Bd5 18. Raxa7 Rxa7 19. Rxa7 gxf5 20. gxf5 f6
21. e6 Bf8 22. Bd4 Bh6 23. Bh5 Rc8 24. Rxe7 Bg5 25. Ra7 Bh4 26. Bf7+ Kh8 27. Kg2
Bc4 28. Kh3 Bg5 29. Kg3 {Black resigns} 1-0

[Event "Team 45 45 League T63"]
[Site "Internet Chess Club"]
[Date "2014.11.26"]
[Round "1"]
[White "thecube"]
[Black "CogitoErgoSum"]
[Result "1-0"]
[WhiteElo "1877"]
[BlackElo "1932"]
[Opening "Queen's Indian: Riumin variation"]
[ECO "E15"]
[Time "21:00:56"]
[TimeControl "2700+45"]

1. d4 Nf6 2. c4 e6 3. Nf3 b6 4. g3 Bb4+ 5. Bd2 Be7 6. Bg2 Bb7 7. O-O O-O 8. Nc3
Ne4 9. Qc2 Nxd2 10. Qxd2 c5 11. d5 d6 12. dxe6 fxe6 13. e4 Nc6 14. Rfd1 Ne5 15.
Nxe5 dxe5 16. Qd7 Bc8 17. Qc6 Qe8 18. Qxa8 Qf7 19. f3 Bg5 20. Qc6 Be3+ 21. Kh1
Bb7 22. Qd7 {Black resigns} 1-0

[Event "Team 45 45 League T63"]
[Site "Internet Chess Club"]
[Date "2014.11.30"]
[Round "1"]
[White "bobhill"]
[Black "nikenwidiartto"]
[Result "0-1"]
[WhiteElo "1978"]
[BlackElo "1834"]
[Opening "Queen's pawn game"]
[ECO "D02"]
[Time "18:05:35"]
[TimeControl "2700+45"]

1. d4 d5 2. Nf3 c6 3. Bg5 h6 4. Bh4 Qb6 5. e3 Qxb2 6. Nbd2 Nd7 7. Bd3 Ngf6 8.
O-O e6 9. a4 Bd6 10. c4 Qc3 11. Be2 Qa5 12. Nb3 Qd8 13. c5 Bc7 14. Qc2 e5 15.
Nfd2 e4 16. f3 exf3 17. Bxf3 O-O 18. e4 dxe4 19. Nxe4 g5 20. Bf2 Nxe4 21. Bxe4
Nf6 22. Bf5 Qd5 23. Bxc8 Raxc8 24. Bg3 Ne4 25. Bxc7 Rxc7 26. Rad1 Re7 27. Na5
Rfe8 28. Nc4 Ng3 29. Ne5 Nxf1 30. Kxf1 Rxe5 31. dxe5 Qxe5 32. h3 Qe3 33. a5 Re5
34. a6 bxa6 35. Qb1 Re6 36. Rd8+ Kg7 37. Qb2+ Rf6+ {White resigns} 0-1

[Event "Team 45 45 League T63"]
[Site "Internet Chess Club"]
[Date "2014.11.27"]
[Round "1"]
[White "OperaDude94"]
[Black "misuc56"]
[Result "0-1"]
[WhiteElo "1676"]
[BlackElo "1837"]
[Opening "Queen's pawn game"]
[ECO "D02"]
[Time "23:00:15"]
[TimeControl "2700+45"]

1. d4 d5 2. Nf3 e6 3. c4 c6 4. e3 f5 5. Nc3 Nf6 6. Bd3 Bd6 7. Bd2 O-O 8. Rb1 Qe7
9. a3 Ne4 10. b4 Nd7 11. c5 Bc7 12. b5 e5 13. O-O exd4 14. exd4 Ndf6 15. bxc6
bxc6 16. Qa4 Qe8 17. Ne2 h6 18. Ba5 Bxa5 19. Qxa5 Kh7 20. Ne5 h5 21. Rb2 Ng4 22.
Nxg4 hxg4 23. Rfb1 Qe7 24. Rb8 Rxb8 25. Rxb8 Qd7 26. Nc1 Kg8 27. Bc2 f4 28. Nd3
g3 29. hxg3 fxg3 30. f3 Qe7 31. Rxc8 Rxc8 32. fxe4 Qh4 33. Ne5 Qh2+ 34. Kf1 Qh1+
35. Ke2 Qxg2+ 36. Kd1 Qg1+ 37. Qe1 Qxd4+ 38. Nd3 g2 {White resigns} 0-1

[Event "Team 45 45 League T63"]
[Site "Internet Chess Club"]
[Date "2014.12.01"]
[Round "1"]
[White "Beetlejuice"]
[Black "Schachteufel"]
[Result "1-0"]
[WhiteElo "1805"]
[BlackElo "1638"]
[Opening "King's Indian: Sämisch, orthodox variation"]
[ECO "E85"]
[Time "13:30:41"]
[TimeControl "2700+45"]

1. d4 Nf6 2. c4 g6 3. f3 Bg7 4. e4 d6 5. Nc3 O-O 6. Be3 e5 7. Nge2 a6 8. Qd2 c6
9. a4 Nbd7 10. Rd1 Qe7 11. b3 Rd8 12. g4 Ne8 13. d5 c5 14. Ng3 Nf8 15. h4 f5 16.
gxf5 gxf5 17. Nxf5 Bxf5 18. exf5 Qf6 19. Bg5 Qxf5 20. Bxd8 Rxd8 21. Qd3 Qf4 22.
Ne2 Qh6 23. Qf5 Nf6 24. Qg5 Ng6 25. Qxh6 Bxh6 26. Bh3 Rf8 27. Ng3 Bf4 28. Be6+
Kh8 29. Nf5 Nh5 30. Nxd6 Nxh4 31. Nxb7 Nxf3+ 32. Kf2 Bg3+ 33. Ke3 Ng7 34. Rh3
Bf2+ 35. Kxf2 Nd4+ 36. Ke3 Rb8 37. Nxc5 Nxb3 38. Rb1 {Black resigns} 1-0

[Event "Team 45 45 League T63"]
[Site "Internet Chess Club"]
[Date "2014.12.01"]
[Round "1"]
[White "Agarnez"]
[Black "achessman"]
[Result "1-0"]
[WhiteElo "1925"]
[BlackElo "1979"]
[Opening "QGD Slav: 3.Nf3"]
[ECO "D11"]
[Time "21:58:25"]
[TimeControl "2700+45"]

1. d4 d5 2. c4 c6 3. Nf3 e6 4. Qc2 Nd7 5. g3 Ngf6 6. Bg2 b6 7. O-O Bb7 8. Nbd2
Be7 9. e4 dxe4 10. Nxe4 Rc8 11. Bf4 Nf8 12. Rad1 Ng6 13. Bc1 O-O 14. b3 Qc7 15.
Bb2 Rfd8 16. Neg5 c5 17. d5 exd5 18. Nxf7 Kxf7 19. Ng5+ Kg8 20. Ne6 Qb8 21. Nxd8
Rxd8 22. cxd5 Kh8 23. Qf5 Qc8 24. Qxc8 Bxc8 25. Rfe1 Ne8 26. h3 Kg8 27. f4 Kf7
28. Kf2 Bf6 29. Bxf6 gxf6 30. a4 Ne7 31. g4 Bb7 32. d6 Nc6 33. Bxc6 Bxc6 34.
Re7+ Kg8 35. Rxa7 Nxd6 36. Rc7 Ne4+ 37. Ke1 Rxd1+ 38. Kxd1 Bd5 39. Kc2 Nf2 40.
Rd7 Be4+ 41. Kd2 Bc6 42. Rd8+ Kf7 43. Ke3 Ne4 44. Rc8 Bd5 45. Rb8 Nd6 46. Rxb6
Ke7 47. Rb8 Nf7 48. a5 Nd8 49. a6 Nc6 50. Rb7+ Kd6 51. a7 Nxa7 52. Rxa7 Bxb3 53.
Rxh7 c4 54. Kd4 {Black resigns} 1-0

[Event "Team 45 45 League T63"]
[Site "Internet Chess Club"]
[Date "2014.11.30"]
[Round "1"]
[White "CaoCao"]
[Black "harishbn"]
[Result "0-1"]
[WhiteElo "1910"]
[BlackElo "1847"]
[Opening "KGA: Kieseritsky, Kolisch defense"]
[ECO "C39"]
[Time "10:47:21"]
[TimeControl "2700+45"]

1. e4 e5 2. f4 exf4 3. Nf3 g5 4. h4 g4 5. Ne5 d6 6. Nxg4 Nf6 7. Nf2 Rg8 8. d4
Bh6 9. Nc3 Nc6 10. Nd3 Bg4 11. Be2 Bxe2 12. Nxe2 Nxe4 13. Bxf4 Bg7 14. c3 Bf6
15. g3 Qe7 16. d5 Nb8 17. Qa4+ Nd7 18. O-O-O O-O-O 19. Rhe1 Kb8 20. Ng1 Rge8 21.
Be3 Nb6 22. Bxb6 axb6 23. Nf3 Bg7 24. g4 h5 25. Nd2 f5 26. g5 Qd7 27. Qxd7 Rxd7
28. Nf4 Be5 29. Nxh5 Rh8 30. Nxe4 Rxh5 31. Nf6 Bxf6 32. gxf6 Rf7 33. Re8+ Ka7
34. Re7 Rxf6 35. Rxc7 Rxh4 36. Rg1 f4 37. Rgg7 f3 38. a4 Rxa4 39. Rxb7+ Ka6 40.
Rbf7 Raf4 41. Rxf6 Rxf6 42. Rg1 f2 43. Rf1 Kb5 44. b3 Kc5 45. c4 Kd4 46. Kd2 Rf8
47. Ke2 Kc3 48. Rc1+ Kb2 49. Rd1 {White resigns} 0-1

[Event "Team 45 45 League T63"]
[Site "Internet Chess Club"]
[Date "2014.11.30"]
[Round "1"]
[White "bshribharath"]
[Black "Frankly"]
[Result "0-1"]
[WhiteElo "1751"]
[BlackElo "1763"]
[Opening "Ruy Lopez: exchange variation"]
[ECO "C68"]
[Time "08:05:05"]
[TimeControl "2700+45"]

1. e4 e5 2. Nf3 Nc6 3. Bb5 a6 4. Bxc6 dxc6 5. d4 exd4 6. Qxd4 Bd7 7. Nc3 Nf6 8.
h3 h6 9. Be3 Be6 10. O-O-O Qxd4 11. Nxd4 Bd7 12. Nb3 b6 13. a3 O-O-O 14. f4 Be7
15. g4 Rhe8 16. e5 Nh7 17. f5 Bg5 18. Bxg5 Nxg5 19. Rde1 Nf3 20. Re3 Nxe5 21.
Rhe1 Nc4 22. Rxe8 Rxe8 23. Rxe8+ Bxe8 24. Ne4 c5 25. Nbd2 Nxd2 26. Kxd2 Kb7 27.
h4 Kc6 28. Ke3 Kd5 29. g5 h5 30. Kf4 c4 31. Ng3 g6 32. Ne4 Bc6 33. Nf6+ Kd4 34.
Ng8 c3 35. bxc3+ Kxc3 36. Ke5 gxf5 37. Nh6 Kxc2 38. Nxf7 Kd3 39. g6 f4 40. Kxf4
Be4 41. g7 Bh7 42. Nh6 c5 43. g8=Q Bxg8 44. Nxg8 c4 45. Ne7 b5 46. Nc6 a5 47.
Nxa5 c3 48. Nb3 c2 49. Kg5 Kc3 50. Nc1 Kb2 51. Ne2 Kxa3 52. Kxh5 b4 53. Kg6 b3
54. h5 b2 {White resigns} 0-1

[Event "Team 45 45 League T63"]
[Site "Internet Chess Club"]
[Date "2014.11.28"]
[Round "1"]
[White "Constrictor"]
[Black "Innes"]
[Result "1-0"]
[WhiteElo "1690"]
[BlackElo "1565"]
[Opening "KGA: Abbazia defense (classical defense, modern defense[!])"]
[ECO "C36"]
[Time "15:00:18"]
[TimeControl "2700+45"]

1. f4 e5 2. e4 exf4 3. Nf3 d5 4. exd5 c6 5. Nc3 Bd6 6. dxc6 bxc6 7. Bc4 Be6 8.
Qe2 Qe7 9. Bxe6 fxe6 10. d4 Nf6 11. O-O O-O 12. Ne4 Nxe4 13. Qxe4 g5 14. Nxg5 e5
15. dxe5 Bc5+ 16. Kh1 Qxg5 17. Bxf4 Qe7 18. Bh6 Rxf1+ 19. Rxf1 Nd7 20. Qxc6 Re8
21. Rf5 Nxe5 22. Qd5+ Qe6 23. Rg5+ Ng6 24. Qxc5 Qe1+ 25. Qg1 Qb4 26. Rf5 Re1 27.
Rf1 Re2 28. Rd1 Qe7 29. Qd4 Re1+ 30. Rxe1 Qxe1+ 31. Qg1 Qe2 32. Bg5 Qxc2 33. Qc1
Qf5 34. h3 Ne5 35. Qf4 Qb1+ 36. Kh2 Nf7 37. Bf6 h6 38. Qb8+ Kh7 39. Qxa7 Kg6 40.
Bc3 Qf1 41. Qb6+ Kg5 42. Qe3+ Kg6 43. Qe4+ Kg5 44. Qg4# {Black checkmated} 1-0